 Dungeon Crawl Stone Soup version 0.31.0-11-ge490571c62 (webtiles) character file.

Game seed: 12927443943825046107

19831 hawla the Tortoise (level 12, -3/101 HPs)
             Began as a Minotaur Gladiator on Feb 6, 2024.
             Was an Initiate of Yredelemnul.
             Shot with an arrow by a centaur warrior (14 damage)
             ... on level 13 of the Dungeon.
             The game lasted 00:42:44 (11979 turns).

hawla the Tortoise (Minotaur Gladiator)            Turns: 11979, Time: 00:42:44

Health: -3/101     AC: 24    Str: 25    XL:     12   Next: 40%
Magic:  17/17      EV: 10    Int:  5    God:    Yredelemnul [......]
Gold:   1034       SH:  5    Dex: 17    Spells: 11/11 levels left

rFire   . . .        w - +0 dagger (distort)
rCold   . . .        (no shield)
rNeg    . . .        E - +0 plate armour
rPois   .            c - +1 hat
rElec   .            g - +2 cloak
rCorr   .            (no gloves)
SInv    .            f - +1 pair of boots {rampage}
Will    +....        x - amulet of reflection Stlth
                     I - +6 ring of strength
HPRegen 0.36/turn    o - ring of willpower
MPRegen 0.15/turn

%: reflection, rampage
@: no status effects
A: horns 2, retaliatory headbutt
a: Renounce Religion, Recall Undead Harvest


You were on level 13 of the Dungeon.
You worshipped Yredelemnul.
Yredelemnul was aware of your devotion.
You visited 1 branch of the dungeon, and saw 15 of its levels.

You collected 1215 gold pieces.
You spent 181 gold pieces at shops.

Inventory:

Hand Weapons
 w - a +0 dagger of distortion (weapon)
Missiles
 a - 2 curare-tipped darts
 b - 4 silver javelins
 d - 4 throwing nets
 e - 3 javelins
 j - 47 poisoned darts (quivered)
 A - 4 boomerangs
Armour
 c - a +1 hat (worn)
 f - a +1 pair of boots of rampaging (worn)
 g - a +2 cloak (worn)
 E - a +0 plate armour (worn)
Jewellery
 o - a ring of willpower (right hand)
 t - a ring of magical power
 x - an amulet of reflection (around neck)
 F - a +5 ring of evasion
 I - a +6 ring of strength (left hand)
Wands
 q - a wand of polymorph (11)
 v - a wand of mindburst (11)
 C - a wand of acid (1)
 G - a wand of flame (7)
Scrolls
 k - 3 scrolls of teleportation
 r - a scroll of immolation
 B - a scroll of amnesia
 H - a scroll of fog
Potions
 i - 2 potions of might
 l - 2 potions of enlightenment
 m - 2 potions of cancellation
 n - 2 potions of attraction
 p - 2 potions of ambrosia
 s - 3 potions of haste {unknown}
 K - 3 potions of heal wounds
Miscellaneous
 D - a box of beasts (inert)


   Skills:
 - Level 8.0 Fighting
 - Level 9.7(10.0) Short Blades
 - Level 3.6(7.6) Long Blades
 - Level 6.0 Throwing
 + Level 16.3 Armour
 - Level 4.0 Dodging
 - Level 8.0 Invocations
 - Level 4.0 Evocations


You had 11 spell levels left.
You didn't know any spells.
Your spell library was empty.

Dungeon Overview and Level Annotations

Branches:
Dungeon (15/15)            Temple (0/1) D:5            Lair (0/5) D:10
    Orc (0/2) D:10
 Vaults: D:13-14     Depths: D:15

Altars:
Ashenzari
Cheibriados
Dithmenos
Elyvilon
Fedhas
Okawaru
Trog
Yredelemnul
Zin

Shops:
D:3 [

Portals:
Trove: D:14 (give +4 demon whip)

Annotations:
D:10 2 transporters
Abyss:1 Maggie


Innate Abilities, Weirdness & Mutations

You have a pair of horns on your head.
You reflexively headbutt those who attack you in melee.


Message History

The shadow hits you.
The arcanist points at you and mumbles some strange words.
You resist with almost no effort.
The centaur warrior looks petrified.
You barely miss the arcanist.
The shadow slips into darkness.
The shadow flickers and vanishes!
Deactivating autopickup; reactivate with Ctrl-A.
The arcanist hits you but does no damage. x2
The arcanist points at you and mumbles some strange words.
You resist with almost no effort.
The shadow strikes at you from the darkness!
Reactivating autopickup.
The arcanist closely misses you. You furiously retaliate!
You headbutt the arcanist!
The arcanist hits you but does no damage.
The shadow attacks as it pursues you! You block the shadow's attack.
The arcanist hits you but does no damage.
The arcanist attacks as it pursues you! You block the arcanist's attack.
The shadow slips into darkness.
The shadow flickers and vanishes!
Deactivating autopickup; reactivate with Ctrl-A.
The arcanist casts a spell at you. The bolt of cold hits you!!
The centaur warrior wields a +0 orcbow.
The centaur warrior shoots an arrow.
The arrow closely misses you.
The centaur warrior shoots an arrow.
The arrow hits you!
* * * LOW HITPOINT WARNING * * *
The arcanist points at you and mumbles some strange words.
The bolt of cold misses you.
There is a stone staircase leading up here.
The centaur warrior shoots an arrow.
The arrow hits you.
* * * LOW HITPOINT WARNING * * *
The arcanist casts a spell at you. The lance of force hits you!
* * * LOW HITPOINT WARNING * * *
You stop ascending the stairs.
You are knocked back by the lance of force.
The centaur warrior shoots an arrow.
The arrow hits you!
You die...
Your body rises from the dead as a mindless zombie.

###################
#................>....
#..c............#
#...............#
#...............#
#...............#
#.......[.......#
#...............#
#....@..<.p.....#
#..................
#...................
#..################..
#.. . #. #


You could see a centaur warrior and an arcanist (fast).

Vanquished Creatures
  A two-headed ogre (D:6)
  A skeletal warrior (D:14)
  Lodul (D:10)
  Maurice (D:8)
  Joseph (D:8)
  A kobold demonologist (D:10)
  2 komodo dragons
  An efreet (D:13)
  4 trolls
  Sigmund (D:4)
  4 slime creatures (D:10)
  A shadow (D:9)
  17 yaks
  A wraith (D:11)
  3 wyverns
  A basilisk (D:11)
  A steam dragon (D:8)
  2 vampire mosquitoes (D:9)
  2 acid dragons
  4 water moccasins
  2 black bears (D:5)
  4 ice beasts
  5 orc warriors
  2 sky beasts (D:7)
  7 ogres
  6 centaurs
  5 kobold brigands
  A phantom (D:5)
  Blork the orc (D:6)
  2 bullfrogs
  3 gnoll sergeants (D:10)
  A scorpion (D:5)
  4 wights (D:7)
  6 killer bees
  A howler monkey (D:7)
  5 bombardier beetles
  Crazy Yiuf (D:4)
  4 jellies
  6 orc priests
  A hound (D:5)
  5 iguanas
  2 sleepcaps (D:7)
  Natasha (thrice) (D:3)
  5 orc wizards
  Robin (D:3)
  8 adders
  10 gnolls
  A shadow imp (D:7)
  2 white imps (D:7)
  3 ufetubi
  5 dart slugs
  3 ribbon worms
  28 orcs
  3 ball pythons
  6 bats
  6 endoplasms
  2 giant cockroaches
  18 goblins
  7 hobgoblins
  A jackal (D:3)
  13 kobolds
  5 quokkas
  2 frilled lizards
  6 rats
262 creatures vanquished.

Vanquished Creatures (collateral kills)
  A two-headed ogre (D:9)
  A slime creature (D:10)
  A shadow (D:10)
  4 yaks
  A water moccasin (D:8)
  An orc warrior (D:10)
  2 ogres (D:10)
  A centaur (D:11)
  A gnoll sergeant (D:10)
  4 killer bees (D:11)
  An iguana (D:6)
  A gnoll (D:10)
  5 orcs
  2 kobolds
26 creatures vanquished.

Vanquished Creatures (others)
  2 slime creature zombies (D:10)
  2 water moccasin zombies (D:8)
  A troll zombie (D:10)
  3 yak zombies
  A centaur zombie (D:8)
  2 bullfrog zombies
  An orc wizard (D:5)
  2 killer bee zombies
  4 ogre zombies
  A sky beast zombie (D:7)
  An ice beast zombie (D:7)
  An iguana zombie (D:5)
  A jelly zombie (D:7)
  A bat zombie (D:9)
  7 gnoll zombies (D:10)
  9 kobold zombies
  19 orc zombies
58 creatures vanquished.

Grand Total: 346 creatures vanquished

Notes
Turn   | Place    | Note
-------+----------+-------------------------------------------
     0 | D:1      | hawla the Minotaur Gladiator began the quest for the Orb.
     0 | D:1      | Reached XP level 1. HP: 18/18 MP: 0/0
    11 | D:1      | Found a faded altar of an unknown god.
   177 | D:1      | Reached skill level 1 in Armour
   232 | D:1      | Reached XP level 2. HP: 24/25 MP: 1/1
   670 | D:2      | Reached skill level 2 in Armour
   757 | D:2      | Reached XP level 3. HP: 29/30 MP: 2/2
   885 | D:2      | Reached skill level 3 in Armour
  1023 | D:2      | Reached XP level 4. HP: 21/37 MP: 3/3
  1028 | D:2      | Reached skill level 4 in Armour
  1764 | D:3      | Reached XP level 5. HP: 42/42 MP: 4/4
  1785 | D:3      | Noticed Robin
  1946 | D:3      | Killed Robin
  2015 | D:3      | Noticed Natasha
  2022 | D:3      | Killed Natasha
  2171 | D:3      | Noticed Natasha
  2179 | D:3      | Killed Natasha
  2180 | D:3      | Reached XP level 6. HP: 34/50 MP: 5/5
  2184 | D:3      | Noticed Natasha
  2189 | D:3      | Killed Natasha
  2190 | D:3      | Reached skill level 5 in Throwing
  2361 | D:3      | Found Madwaock's Armour Shoppe.
  2896 | D:4      | Noticed Sigmund
  2906 | D:4      | Killed Sigmund
  2907 | D:4      | Reached XP level 7. HP: 53/58 MP: 6/6
  2930 | D:4      | Found a glowing silver altar of Zin.
  2930 | D:4      | Found an iron altar of Okawaru.
  2930 | D:4      | Found a bloodstained altar of Trog.
  2930 | D:4      | Found a blossoming altar of Fedhas.
  2931 | D:4      | Found a basalt altar of Yredelemnul.
  2931 | D:4      | Found a white marble altar of Elyvilon.
  3386 | D:4      | Found a runed translucent door.
  3387 | D:4      | Noticed Crazy Yiuf
  3627 | D:4      | Found a broken altar of Ashenzari.
  3627 | D:4      | Found a snail-covered altar of Cheibriados.
  3628 | D:4      | Found a shadowy altar of Dithmenos.
  3645 | D:4      | Became a worshipper of Yredelemnul the Dark
  3706 | D:4      | Killed Crazy Yiuf
  3800 | D:5      | Entered Level 5 of the Dungeon
  3832 | D:5      | Found a staircase to the Ecumenical Temple.
  3881 | D:5      | Reached * piety under Yredelemnul
  3882 | D:5      | Reached skill level 5 in Fighting
  3935 | D:5      | HP: 3/64 [iguana (11)]
  3937 | D:5      | HP: 1/64 [iguana (5)]
  4215 | D:5      | Reached XP level 8. HP: 61/74 MP: 7/7
  4326 | D:5      | Reached skill level 1 in Evocations
  4645 | D:5      | Noticed Ijyb
  4647 | D:5      | Ijyb changed into Ijyb the hound
  4647 | D:5      | Noticed Ijyb
  4653 | D:5      | Killed Ijyb the hound
  4752 | D:5      | Reached ** piety under Yredelemnul
  4906 | D:3      | Bought a +1 pair of boots of rampaging for 181 gold pieces
  4968 | D:6      | Noticed Blork the orc
  4974 | D:6      | Killed Blork the orc
  5162 | D:6      | Reached skill level 1 in Invocations
  5399 | D:6      | Noticed a two-headed ogre
  5405 | D:6      | Killed a two-headed ogre
  5406 | D:6      | Reached XP level 9. HP: 57/81 MP: 10/12
  5942 | D:7      | Reached skill level 1 in Short Blades
  6494 | D:7      | Reached skill level 5 in Short Blades
  6665 | D:7      | Reached *** piety under Yredelemnul
  6673 | D:7      | Noticed a green ugly thing
  6676 | D:7      | Reached XP level 10. HP: 51/88 MP: 15/15
  7704 | D:8      | Noticed Maurice
  7709 | D:8      | Killed Maurice
  7929 | D:8      | Noticed Maggie
  7938 | D:8      | Banished Maggie
  7953 | D:8      | Noticed Joseph
  7964 | D:8      | Killed Joseph
  7965 | D:8      | Reached skill level 5 in Armour
  8314 | D:9      | Reached skill level 6 in Armour
  8394 | D:9      | Reached skill level 7 in Armour
  8539 | D:9      | Reached skill level 8 in Armour
  8545 | D:9      | Reached XP level 11. HP: 84/94 MP: 16/16
  8686 | D:9      | Noticed a two-headed ogre
  8693 | D:9      | Killed a two-headed ogre
  8694 | D:9      | Reached skill level 9 in Armour
  8957 | D:10     | Entered Level 10 of the Dungeon
  8983 | D:10     | Reached skill level 10 in Armour
  9083 | D:10     | Noticed Lodul
  9106 | D:10     | Killed Lodul
  9107 | D:10     | Reached skill level 11 in Armour
  9391 | D:10     | Reached skill level 12 in Armour
  9595 | D:10     | Reached skill level 13 in Armour
  9596 | D:10     | Reached **** piety under Yredelemnul
  9600 | D:10     | Reached ***** piety under Yredelemnul
  9746 | D:10     | Noticed a sixfirhy
  9980 | D:10     | Found a staircase to the Orcish Mines.
 10040 | D:10     | Reached skill level 14 in Armour
 10471 | D:10     | Found a transporter.
 10480 | D:10     | Noticed a large abomination
 10505 | D:10     | Found a transporter.
 10597 | D:10     | Found a staircase to the Lair.
 10609 | D:10     | Reached XP level 12. HP: 88/101 MP: 17/17
 10719 | D:10     | Noticed a rakshasa
 11055 | D:11     | Reached skill level 15 in Armour
 11692 | D:12     | You fall into a shaft and drop 3 floors!
 11692 | D:15     | Entered Level 15 of the Dungeon
 11744 | D:14     | Reached skill level 16 in Armour
 11756 | D:14     | Found a portal to a secret trove of treasure.
 11965 | D:13     | Noticed a centaur warrior
 11979 | D:13     | Shot with an arrow by a centaur warrior

Illustrated notes

Levels and vault maps discovered:
D:1:      minmay_arrival_plants_in_alcoves, layout_loops_ring,
          shapermc_ecumenical_altar_rom_forum, hangedman_decor_slide_cut
D:2:      wander_river, layout_loops_ring
D:3:      minmay_angry_zag, layout_rooms, serial_shops,
          nicolae_shop_pleasant_corner_grove, minivault_5, minmay_between,
          uniq_robin, uniq_natasha
D:4:      layout_basic, nicolae_overflows_in_rows, uniq_crazy_yiuf_cottage,
          uniq_sigmund
D:5:      layout_basic, minmay_temple_entry_stoned_glass, uniq_ijyb
D:6:      layout_cave_pools, uniq_blork_the_orc
D:7:      nzn_winding_woodlands_three_and_one
          [nzn_winding_woodlands_5x15_pockets,
          nzn_winding_woodlands_5x15_default,
          nzn_winding_woodlands_5x15_longhouse,
          nzn_winding_woodlands_center_pierced_h], layout_rooms
D:8:      layout_gridville, uniq_joseph, uniq_maggie, uniq_maurice
D:9:      layout_cave_pools
D:10:     layout_irregular_city, david_lair_shrubbed,
          kennysheep_orc_monster_closet_entryway,
          gammafunk_ghost_abyssal_escape, nzn_life_drinkers, uniq_lodul
D:11:     layout_cave_pools
D:12:     layout_grid_maze, gammafunk_ghost_necromancy
D:13:     layout_long_grid, hangedman_vaults_entry_quadrant_bands,
          patterned_corridor
D:14:     minmay_blocking_statues, layout_basic, nicolae_trove_entry_crossroad,
          serial_shops, shop, grunt_dithmenos_shadows, uniq_josephine
D:15:     grunt_enter_depths_snipers, layout_cave_pools,
          serial_library_regret_index_headful

Skill      XL: |  1  2  3  4  5  6  7  8  9 10 11 12 |
---------------+-------------------------------------+-----
Armour         | 1 2 3 4 8 14 16 | 16.3
Dodging        | 4 |  4.0
Throwing       | 3 4 6 |  6.0
Fighting       | 3 8 |  8.0
Evocations     | 4 |  4.0
Invocations    | 6 8 |  8.0
Short Blades   | 6 9 |  9.7
Long Blades    | |  3.6

Action                     |  1- 3 |  4- 6 |  7- 9 | 10-12 || total
---------------------------+-------+-------+-------+-------++-------
  Melee: Long sword        |    28 |       |       |       ||    28
         Dagger            |    33 |   146 |   261 |   541 ||   981
         Headbutt          |     6 |    21 |    48 |   128 ||   203
         Punch             |       |     1 |     6 |    11 ||    18
  Throw: Dart              |     2 |     4 |     1 |     1 ||     8
 Invoke: Recall Undead Har |       |       |     1 |     3 ||     4
         Dark Bargain      |       |       |     1 |     1 ||     2
  Evoke: Wand              |       |       |     4 |    29 ||    33
         Box of beasts     |       |       |       |     1 ||     1
    Use: Scroll            |     7 |     5 |     6 |     9 ||    27
         Potion            |     2 |       |     4 |     7 ||    13
   Stab: Distracted        |       |       |       |     2 ||     2
 Armour: Leather armour    |    50 |     6 |       |       ||    56
         Chain mail        |       |   102 |   208 |    85 ||   395
         Plate armour      |       |       |       |   301 ||   301
  Dodge: Dodged            |    51 |    61 |   102 |   139 ||   353
  Block: Other             |       |       |     5 |    95 ||   100
         Reflection        |       |       |       |     2 ||     2
